 Dungeon Crawl Stone Soup version 0.31-a0-37-g98a128e1d9 (webtiles) character file.

Game seed: 18266181988025531271

1957 billz999 the Fighter (level 9, -1/106 HPs)
             Began as a Djinni Ice Elementalist on May 16, 2023.
             Slain by a wight
             ... wielding a +0 spear
              (5 damage)
             ... on level 7 of the Dungeon.
             The game lasted 00:13:13 (6438 turns).

billz999 the Fighter (Djinni Ice Elementalist)      Turns: 6438, Time: 00:13:14

Health: -1/106     AC: 24    Str:  4 (7)  XL:     9   Next: 42%
Gold:   404        EV:  2    Int: 20 (21) God:
                   SH:  0    Dex: 13 (14)

rFire   . . .        v - +0 shortbow
rCold   + . .        (shield currently unavailable)
rNeg    . . .        a - melded +1 robe
rPois   ∞            (helmet currently unavailable)
rElec   .            (cloak currently unavailable)
rCorr   .            (gloves currently unavailable)
SInv    .            (boots unavailable)
Will    .....        (no amulet)
Stlth   ++           l - ring of protection from cold
HPRegen 0.37/turn    (no ring)
MPRegen 0.00/turn

%: infuse magic (-2 HP)
@: tree-form, attractive
A: stationary, stasis, torment immunity, boosted hp, sickness immunity, (fire
resistance 2), (cold vulnerability 1), float, innate caster, HP casting, extra
vitality 1
a: no special abilities


You were on level 7 of the Dungeon.
You were a tree.
You visited 2 branches of the dungeon, and saw 8 of its levels.
You also visited: Sewer.

You collected 404 gold pieces.

Inventory:

Hand Weapons
 d - a +0 sling
 v - a +0 shortbow (weapon)
Armour
 a - a +1 robe (melded)
Jewellery
 l - a ring of protection from cold (left branch)
Wands
 p - a wand of iceblast (9)
 t - a wand of polymorph (11)
Scrolls
 f - 5 scrolls of teleportation
 g - 2 scrolls of enchant weapon
 i - a scroll of torment
 j - a scroll of poison
 m - 3 scrolls of enchant armour
 n - 2 scrolls of magic mapping
 u - a scroll of fear
 w - a scroll of fog {unknown}
Potions
 b - 2 potions of brilliance
 e - a potion of mutation
 h - 3 potions of lignification
 k - 3 potions of degeneration
 o - 4 potions of curing {unknown}
 r - a potion of heal wounds {unknown}
 s - a potion of berserk rage {unknown}
Miscellaneous
 q - a box of beasts


   Skills:
 - Level 8.4 Fighting
 * Level 6.1 Ranged Weapons
 - Level 2.1 Dodging
 - Level 1.5 Stealth
 - Level 4.0 Spellcasting


You knew the following spells:

 Your Spells              Type           Power      Damage    Failure   Level
a - Freeze                Ice            80%        1d9       2%          1
b - Frozen Ramparts       Ice            40%        1d7       8%          3
c - Ozocubu's Armour      Ice            20%        N/A       8%          3
d - Summon Ice Beast      Ice/Summ       20%        N/A       24%         4
e - Kiss of Death         Conj/Necr      80%        2d11      2%          1
f - Blink                 Tloc           40%        N/A       3%          2
g - Tukima's Dance        Hex            20%        N/A       8%          3
h - Animate Armour        Summ/Erth      40%        N/A       24%         4
Your spell library was empty.

Dungeon Overview and Level Annotations

Branches:
Dungeon (7/15)             Temple (1/1) D:6           Sewer (visited)

Altars:
Ashenzari
Elyvilon
Fedhas
Gozag
Hepliaklqana
Nemelex Xobeh
Ru
Trog
Wu Jian
Yredelemnul
The Shining One

Shops:
D:6 =

Annotations:
D:2 1 runed translucent door, Crazy Yiuf
D:5 2 runed translucent doors, kmckee's ghost, amateur MiFi


Innate Abilities, Weirdness & Mutations

You are a tree.
Your roots penetrate the ground, keeping you stationary.
You cannot be teleported.
You are immune to unholy pain and torment.
Your maximum health is greatly increased.
Your equipment is partially melded.
You are immune to sickness and miasma.
You are immune to poison.
((Your flesh is very heat resistant. (rF++)))
((You are vulnerable to cold. (rC-)))
You float through the air rather than walking.
You learn spells naturally, not from books.
Your magical power is your life essence.
You have superior vitality. (+4 MHP)


Message History

Your ice beast hits the wight but does no damage.
The wight completely misses you.
The wight hits you from afar with a +0 spear!
The wight attacks as you move away! The wight misses you.
Casting: Ozocubu's Armour (dangerous; 7% risk of failure)
Confirm with . or Enter, or press ? or * to list all spells.
You miscast Summon Ice Beast.
You are very lightly contaminated with residual magic.
Nothing appears to happen.
The wight closely misses you. The wight barely misses you.
The wight attacks as you move away! The wight hits you with a +0 hand axe.
The wight attacks as you move away! The wight hits you with a +0 hand axe.
Your magical contamination has completely faded away.
The wight attacks as you move away! The wight closely misses you.
The wight attacks as you move away! The wight misses you.
The wight attacks as you move away! The wight misses you.
The wight attacks as you move away! The wight hits you with a +0 hand axe.
The wight attacks as you move away! The wight hits you with a +0 hand axe.
The wight attacks as you move away! The wight hits you with a +0 hand axe.
The wight attacks as you move away! The wight hits you with a +0 hand axe!
* * * LOW HITPOINT WARNING * * *
The wight attacks as you move away! The wight hits you with a +0 hand axe.
* * * LOW HITPOINT WARNING * * *
The wight attacks as you move away! The wight misses you.
It was a potion of attraction.
You feel attractive to monsters. The wight hits you with a +0 hand axe!
* * * LOW HITPOINT WARNING * * *
The wight is attracted toward you. x2
It was a potion of lignification.
You turn into a tree.
Your +1 robe melds into your body.
Your roots penetrate the ground.
The wight completely misses you. The wight hits you but does no damage.
The wight hits you with a +1 halberd.
* * * LOW HITPOINT WARNING * * *
It was a potion of degeneration.
There was something very wrong with that liquid.
You feel weakened.
You feel dopey.
You feel clumsy.
The wight hits you but does no damage. x2
The wight hits you from afar with a +0 spear.
You die...

############ ########
#...........
..###.....z####.##........
.......<.♣z..##.#.........
..........zz..)...........
..............)...........
..........................
........#####..........#..
........# ###...........
........# ########...##..
......... .......'.......
....... ....####.......


You could see 4 wights.

Vanquished Creatures
  A wraith (D:6)
  2 black bears (D:5)
  Pargi (Sewer)
  2 ogres
  Blork the orc (D:4)
  2 bullfrogs
  4 scorpions
  A howler monkey (D:6)
  A hound (D:4)
  3 jellies
  2 sleepcaps (D:5)
  7 iguanas
  4 orc wizards
  11 adders
  2 white imps (D:6)
  2 ufetubi
  2 worms
  A dart slug (D:3)
  10 orcs
  7 ball pythons
  A bat zombie (D:5)
  4 endoplasms
  3 giant cockroaches
  6 goblins
  4 hobgoblins
  6 quokkas
  6 bats
  3 frilled lizards
  6 kobolds
  7 rats
  A rat zombie (D:5)
113 creatures vanquished.

Vanquished Creatures (collateral kills)
  A centaur (D:7)
  A phantom (D:5)
  A bullfrog (D:7)
  A sleepcap (D:7)
  A dart slug (D:5)
5 creatures vanquished.

Grand Total: 118 creatures vanquished

Notes
Turn   | Place    | Note
-------+----------+-------------------------------------------
     0 | D:1      | billz999 the Djinni Ice Elementalist began the quest for
                  | the Orb.
     0 | D:1      | billz999 set off with the following spells memorised:
                  | Freeze, Frozen Ramparts, Ozocubu's Armour, Summon Ice
                  | Beast.
     0 | D:1      | Reached XP level 1. HP: 15/15 MP: 0/0
    59 | D:1      | Reached skill level 1 in Fighting
    87 | D:1      | Reached XP level 2. HP: 16/22 MP: 0/0
   421 | D:1      | Reached skill level 2 in Fighting
   842 | D:2      | Reached XP level 3. HP: 28/29 MP: 0/0
   842 | D:2      | Learned a level 1 spell: Kiss of Death
  1092 | D:2      | Found a runed translucent door.
  1093 | D:2      | Noticed Crazy Yiuf
  1460 | D:3      | You are sucked into a shaft and drop 3 floors!
  1491 | D:5      | Entered Level 5 of the Dungeon
  1507 | D:5      | Noticed a scorpion
  1515 | D:5      | Killed a scorpion
  1516 | D:5      | Reached skill level 4 in Fighting
  1516 | D:5      | Reached XP level 4. HP: 17/37 MP: 0/0
  1591 | D:5      | Found a runed translucent door.
  1592 | D:5      | Noticed kmckee's ghost (amateur MiFi)
  1607 | D:5      | Noticed a black bear
  1616 | D:5      | Killed a black bear
  1617 | D:5      | Reached skill level 5 in Fighting
  1617 | D:5      | Reached XP level 5. HP: 14/43 MP: 0/0
  1617 | D:5      | Learned a level 2 spell: Blink
  1767 | D:5      | Reached XP level 6. HP: 29/50 MP: 0/0
  1871 | D:5      | Found a runed translucent door.
  2088 | D:5      | Reached skill level 6 in Fighting
  2325 | D:5      | Noticed a black bear
  2334 | D:5      | Killed a black bear
  2335 | D:5      | Reached XP level 7. HP: 27/57 MP: 0/0
  2335 | D:5      | Learned a level 3 spell: Tukima's Dance
  2444 | D:5      | Reached skill level 7 in Fighting
  2608 | D:5      | Reached skill level 8 in Fighting
  2817 | D:5      | Reached XP level 8. HP: 57/66 MP: 0/0
  3292 | D:4      | Reached skill level 1 in Ranged Weapons
  3416 | D:4      | Noticed Blork the orc
  3431 | D:4      | Killed Blork the orc
  3465 | D:4      | Found a glowing drain.
  3469 | Sewer    | Entered a sewer
  3588 | Sewer    | Noticed Pargi
  3593 | Sewer    | Killed Pargi
  4518 | D:3      | Found a basalt altar of Yredelemnul.
  4732 | D:4      | Found a bloodstained altar of Trog.
  5463 | D:6      | Found a staircase to the Ecumenical Temple.
  5472 | Temple   | Entered the Ecumenical Temple
  5491 | D:6      | Found Darov's Jewellery Shop.
  5545 | D:6      | Found a blossoming altar of Fedhas.
  5558 | D:6      | Reached XP level 9. HP: 45/71 MP: 0/0
  5558 | D:6      | Learned a level 4 spell: Animate Armour
  5841 | D:6      | Reached skill level 5 in Ranged Weapons
  6436 | D:7      | HP: 3/71 [wight/+0 hand axe (8)]
  6438 | D:7      | Slain by a wight

Illustrated notes

Levels and vault maps discovered:
D:1:      dpeg_arrival_ratfight, layout_basic
D:2:      layout_rooms, wad_floor_pattern_1, eino_tiny_chamber,
          uniq_crazy_yiuf_cottage
D:3:      layout_basic, mainiacjoe_overflow_cross_hatched,
          kennysheep_decorative_pillar
D:4:      layout_basic, lightli_temple_of_fire, portal_sewer_entry_e,
          uniq_blork_the_orc
D:5:      minmay_bubble_buster, layout_loops_corners,
          mainiacjoe_overflow_chevrons, lemuel_zombie_altar_kikubaaqudgha,
          ebering_ghost_sewer_f, nrook_campfire
D:6:      layout_rooms, lemuel_tele_altar, minmay_temple_entry_sparse_star,
          serial_shops, shop
D:7:      layout_basic, lemuel_round_altar
Temple:   hellmonk_temple_micro_hex

Skill      XL: |  1  2  3  4  5  6  7  8  9 |
---------------+----------------------------+-----
Fighting       | 1 2 4 5 6 8 |  8.4
Ranged Weapons | 4 6 |  6.1
Spellcasting   | 4 |  4.0
Dodging        | |  2.1
Stealth        | |  1.5

Action                     |  1- 3 |  4- 6 |  7- 9 || total
---------------------------+-------+-------+-------++-------
  Melee: Unarmed           |     2 |       |       ||     2
   Fire: Sling             |     9 |    12 |   189 ||   210
         Shortbow          |       |       |     6 ||     6
   Cast: Freeze            |    39 |    24 |   108 ||   171
         Frozen Ramparts   |     1 |     9 |    19 ||    29
         Ozocubu's Armour  |       |     2 |     2 ||     4
         Summon Ice Beast  |       |       |     4 ||     4
         Tukima's Dance    |       |       |     3 ||     3
         Blink             |       |       |     1 ||     1
  Evoke: Wand              |       |       |     1 ||     1
    Use: Scroll            |       |       |    12 ||    12
         Potion            |       |       |     3 ||     3
 Armour: Robe              |     1 |     5 |    34 ||    40
         Skin              |       |       |     3 ||     3
  Dodge: Dodged            |    20 |    17 |   119 ||   156

Table legend: (Time is in decaauts)
 A = Elapsed time spent in this place.
 B = Non-inter-level travel time spent in this place.
 C = Inter-level travel time spent in this place.
 D = Time resting spent in this place.
 E = Time spent auto-exploring this place.
 F = Levels seen in this place.
 G = Mean time per level.
                   A        B        C        D        E       F      G
               +--------+--------+--------+--------+--------+-----+--------+
         Total |   6514 |   6267 |    247 |    284 |   5103 |   9 |  723.8 |
       Dungeon |   6226 |   5980 |    246 |    207 |   4947 |   7 |  889.4 |
        Temple |      1 |      1 |      0 |      0 |      0 |   1 |    1.0 |
         Sewer |    286 |    286 |      0 |     77 |    156 |   1 |  286.0 |
               +--------+--------+--------+--------+--------+-----+--------+

Top non-repeatable levels by time:
     D:5: 1956 daAuts
     D:4: 879 daAuts
     D:6: 855 daAuts
     D:1: 798 daAuts
     D:3: 796 daAuts
     D:2: 628 daAuts
     D:7: 311 daAuts
   Sewer: 286 daAuts
  Temple: 1 daAuts
